AoeStats
← Fries

Arena

510367720Analyzed
4v4 RM · 1d ago on Sep 30, 2026· 36m 10s· 8 players
Game mode
Random Map
Map size
Large (8 player)
Population
200
Speed
Normal
Resources
Standard
Victory
Conquest
Starting age
Dark Age
Ending age
Imperial Age
RankedLock teamsTeams togetherTeam positionsShared explorationLock speedFull tech treeHidden civsTurbo modeCheats
Victory
Defeat
🇹🇷 Huns · Türkiye
1596
+16
🇳🇱 Tupi · Netherlands
1548
+18
🇵🇱 Celts · Poland
1506
+19
🇦🇷 Maya · Argentina
1496
+19
🇨🇦 Varangians · Canada
1612
-19
🇧🇷 Italians · Brazil
1603
-19
🇺🇸 Khmer · United States
1562
-17
🇹🇼 Hindustanis · Taiwan
1560
-17
Night Prowler
11:43 Feudal Age
12:25 Horse Collar
15:24 Castle Age
13:33 Double-Bit Axe
16:29 Bow Saw
16:23 Heavy Plow
18:15 Loom
21:24 Town Watch
22:36 Wheelbarrow
24:04 Scale Mail Armor
24:29 Forging
24:19 Gold Mining
25:20 Chain Mail Armor
26:03 Squires
26:28 Arson
26:58 Stone Mining
28:03 Iron Casting
29:23 Hand Cart
29:03 Arson
29:09 Champi Runner
30:14 Champi Warrior
33:30 Imperial Age
31:47 Town Patrol
33:51 Treadmill Crane
33:38 Elite Champi Warrior
34:50 Plate Mail Armor
35:03 Capped Ram
36:27 Gold Shaft Mining
36:25 Caciques
nicetobeatyou
10:49 Feudal Age
14:25 Castle Age
12:07 Horse Collar
12:54 Double-Bit Axe
15:30 Bow Saw
15:25 Heavy Plow
21:00 Wheelbarrow
20:59 Gold Mining
21:54 Loom
25:23 Bloodlines
29:15 Imperial Age
27:03 Hand Cart
27:24 Scale Barding Armor
27:30 Forging
28:32 Chain Barding Armor
28:57 Husbandry
30:29 Iron Casting
30:12 Marauders
31:13 Plate Barding Armor
31:13 Conscription
31:28 Elite Tarkan
32:32 Town Watch
34:00 Blast Furnace
34:29 Two-Man Saw
33:49 Town Patrol
AfricanNija
1:26 Loom
11:42 Feudal Age
12:56 Double-Bit Axe
15:27 Castle Age
13:12 Horse Collar
13:57 Stone Mining
16:46 Bow Saw
17:40 Heavy Plow
18:12 Gold Mining
20:09 Forging
21:41 Loom
22:09 Fletching
24:14 Scale Mail Armor
26:08 Town Watch
27:12 Wheelbarrow
33:45 Imperial Age
32:34 Chain Mail Armor
33:48 Pikeman
35:00 Plate Mail Armor
34:46 Fortified Wall
ELCOCHINOTE
10:15 Feudal Age
14:21 Castle Age
12:33 Double-Bit Axe
12:50 Horse Collar
16:04 Bow Saw
21:10 Wheelbarrow
20:55 Gold Mining
21:26 Stone Mining
22:27 Hand Cart
22:58 Heavy Plow
27:27 Imperial Age
24:43 Loom
25:16 Fletching
25:27 Padded Archer Armor
26:07 Ballistics
26:26 Bodkin Arrow
27:21 Leather Archer Armor
26:56 Town Watch
28:16 Bracer
29:50 Chemistry
29:47 Elite Plumed Archer
31:59 Ring Archer Armor
Buhr
10:54 Feudal Age
16:08 Castle Age
14:52 Double-Bit Axe
15:31 Loom
16:11 Horse Collar
28:37 Stone Mining
32:11 Wheelbarrow
32:24 Bloodlines
WonderHD11
10:02 Feudal Age
14:01 Castle Age
12:02 Double-Bit Axe
12:29 Horse Collar
14:56 Bow Saw
17:49 Scale Mail Armor
18:03 Arson
20:37 Chain Mail Armor
21:43 Loom
23:45 Wheelbarrow
23:53 Squires
32:18 Imperial Age
30:00 Gold Mining
34:59 Hand Cart
35:17 Plate Mail Armor
SS_Riok23
10:28 Feudal Age
14:27 Castle Age
12:47 Double-Bit Axe
16:09 Wheelbarrow
15:50 Bow Saw
19:14 Loom
20:29 Horse Collar
22:47 Fletching
23:06 Gold Mining
23:07 Stone Mining
23:22 Heavy Plow
24:51 Hand Cart
24:21 Town Watch
28:17 Imperial Age
26:17 Padded Archer Armor
27:14 Stone Shaft Mining
26:44 Town Patrol
26:52 Bodkin Arrow
27:18 Leather Archer Armor
28:44 Ballistics
28:02 Crossbowman
28:53 Thumb Ring
28:58 Bracer
29:29 Ring Archer Armor
29:03 Arbalester
30:56 Chemistry
30:33 Conscription
32:19 Elite Skirmisher
36:03 Pirotechnia
Fries
8:27 Loom
10:12 Feudal Age
14:46 Castle Age
13:21 Double-Bit Axe
13:57 Horse Collar
15:56 Bow Saw
17:06 Heavy Plow
21:02 Wheelbarrow
24:22 Hand Cart
28:31 Imperial Age
26:40 Gold Mining
28:22 Scale Mail Armor
29:15 Forging
29:21 Chain Mail Armor
30:31 Chemistry
29:38 Siege Engineers
30:21 Forging
Connection lost

Rejoining the realm…

Still unreachable

The connection could not be restored.

Session expired

The server has moved on; the page needs a fresh start.